 Dungeon Crawl Stone Soup version 0.31-a0-1204-ge2c1a860ed (webtiles) character file.

Game seed: 16013889025915673586

2018 hikkokomori the Digger (level 9, -10/54 HPs)
             Began as a Gargoyle Earth Elementalist on Dec 12, 2023.
             Was a Priest of Okawaru.
             Mangled by an orc warrior
             ... wielding a +0 glaive
              (19 damage)
             ... in a bailey.
             The game lasted 00:12:02 (5773 turns).

hikkokomori the Digger (GrEE)                       Turns: 5773, Time: 00:12:03

Health: -10/54     AC: 11    Str: 13 (14) XL:     9   Next: 23%
Magic:  12/16      EV: 13    Int: 17 (18) God:    Okawaru [***...]
Gold:   262        SH:  0    Dex:  9 (10) Spells: 8/18 levels left

rFire   . . .        z - +0 hand axe (drain)
rCold   . . .        (no shield)
rNeg    + . .        a - +0 robe
rPois   ∞            (no helmet)
rElec   +            k - +0 cloak
rCorr   .            (no gloves)
SInv    .            x - +0 pair of boots
Will    +....        (no amulet)
Stlth   ++++         (no ring)
HPRegen 0.29/turn    (no ring)
MPRegen 0.15/turn

%: no passive effects
@: heroic, enlightened, flying
A: sickness immunity, AC +6, negative energy resistance 1, electricity
resistance, torment resistance 1, petrification resistance, claws 1,
deterioration 1, passive freeze
a: Renounce Religion, Heroism


You were in a bailey.
You worshipped Okawaru.
Okawaru was most pleased with you.
You visited 1 branch of the dungeon, and saw 7 of its levels.
You also visited: Bailey.

You collected 262 gold pieces.

Inventory:

Hand Weapons
 z - a +0 hand axe of draining (weapon)
Missiles
 h - a throwing net
Armour
 a - a +0 robe (worn)
 k - a +0 cloak (worn)
 x - a +0 pair of boots (worn)
Magical Staves
 y - a staff of conjuration
Jewellery
 c - a ring of fire
Scrolls
 d - a scroll of revelation
 e - 2 scrolls of vulnerability
 g - a scroll of immolation {unknown}
 i - 2 scrolls of blinking
 m - a scroll of torment {unknown}
 o - a scroll of fear
 q - 2 scrolls of teleportation
 r - a scroll of noise {unknown}
 s - 3 scrolls of silence {unknown}
 v - a scroll of fog {unknown}
Potions
 b - a potion of magic
 f - a potion of heal wounds
 j - a potion of mutation
 l - 2 potions of cancellation {unknown}
 p - a potion of degeneration {unknown}
 t - a potion of curing
 u - 2 potions of brilliance


   Skills:
 + Level 5.6(10.6) Fighting
 + Level 0.3(5.3) Axes
 - Level 1.7(6.7) Dodging
 - Level 6.2(11.2) Stealth
 + Level 5.2 Spellcasting
 + Level 3.5 Conjurations
 - Level 1.0 Transmutations
 + Level 7.4 Earth Magic
 - Level 3.9 Invocations


You had 8 spell levels left.
You knew the following spells:

 Your Spells              Type           Power      Damage    Failure   Level
a - Sandblast             Erth           58%        2d13      1%          1
b - Stone Arrow           Conj/Erth      46%        3d9       4%          3
c - Passwall              Tmut/Erth      15%        N/A       3%          2
d - Brom's Barrelling Bo  Conj/Erth      23%        2d4       14%         4

Your spell library contained the following spells:

 Spells                   Type           Power      Damage    Failure   Level
 Necrotise                Necr           16%        1d4       14%         1
 Dazzling Flash           Conj/Hex       20%        N/A       21%         3
 Petrify                  Tmut/Erth      18%        N/A       24%         4
 Vampiric Draining        Necr           4%         2d6       38%         3
 Volatile Blastmotes      Fire/Tloc      8%         2d10      38%         3
 Agony                    Necr           4%         N/A       98%         5
 Starburst                Conj/Fire      5%         6d4       100%        6
 Maxwell's Capacitive Co  Air            2%         ∞         100%        8


Dungeon Overview and Level Annotations

Branches:
Dungeon (7/15)             Temple (0/1) D:6          Bailey (1/1)

Altars:
Okawaru
Yredelemnul

Annotations:
Bailey 2 runed translucent doors


Innate Abilities, Weirdness & Mutations

You are immune to sickness and miasma.
Your stone body is resilient. (AC +6)
You are immune to poison.
You resist negative energy. (rN+)
You are resistant to electric shocks. (rElec)
You are resistant to unholy torment.
You are immune to petrification.
You have sharp fingernails.
Your body sometimes deteriorates upon taking damage.
A frigid envelope surrounds you and freezes all who hurt you.


Message History

Unknown command.
Unknown command.
You feel yourself speed up. The orc knight misses you.
Things that are here:
a +0 halberd; a +0 scale mail; an orc corpse
Casting: Brom's Barrelling Boulder (dangerous; 14% risk of failure)
Confirm with . or Enter, or press ? or * to list all spells.
Okay, then.
There is a large open door here.
You close the large door.
Things that are here:
a +0 halberd; a +0 chain mail You feel like a meek peon again.
Your magical contamination has completely faded away.
You start resting.
Your extra speed is starting to run out.
You start resting.
You feel yourself slow down.
You start resting.
An orc warrior is nearby!
You feel very buoyant.
You fly up into the air.
Unknown command.
You gain the combat prowess of a mighty hero.
The orc warrior shouts!
You hit the orc warrior but do no damage.
The orc warrior hits you with a +0 glaive!
* * * LOW HITPOINT WARNING * * *
The orc warrior is very cold.
The orc warrior is lightly wounded.
You hit the orc warrior.
The orc warrior is moderately wounded.
The orc warrior hits you with a +0 glaive.
* * * LOW HITPOINT WARNING * * *
The orc warrior barely misses you.
The orc warrior attacks as it pursues you!
The orc warrior closely misses you.
The orc warrior attacks as it pursues you!
The orc warrior hits you from afar with a +0 glaive!!
You die...

#### ####### ##..♣♣♣≈≈≈≈≈♣♣
#....♣♣≈≈≈≈≈.♣#
###..♣≈≈≈≈≈...#
####.$#..♣≈≈≈≈..♣.##
.....#...≈≈≈≈.....### .o.
...##.♣.≈≈≈≈..♣....♣♣♣ ####
#..#....≈≈@≈o........♣♣
#...)##8.#...######.........♣
....![#..#...............∩..♣
..# ["#o.+..................♣
..##?$#..+......)...........♣
....!!#..#....)..........∩..♣
#...$##8.#...######.........♣
#######..#....≈≈≈≈..♣......♣♣
).$..)o..##...≈≈≈≈..♣♣...♣♣♣


You could see an orc warrior.

Vanquished Creatures
  Sigmund (D:3)
  2 yaks (D:5)
  Eustachio (D:5)
  4 orc warriors (Bailey)
  2 ice beasts (D:5)
  A black bear (D:5)
  An ogre (D:5)
  A scorpion (D:6)
  5 hounds
  5 jellies
  2 sleepcaps
  2 iguanas
  2 orc wizards (D:5)
  3 adders
  3 white imps
  An ufetubus (D:4)
  A worm (D:5)
  5 dart slugs
  17 orcs
  9 bats
  13 endoplasms
  2 giant cockroaches
  6 goblins
  8 hobgoblins
  6 jackals
  3 quokkas
  6 ball pythons
  6 frilled lizards
  7 kobolds
  3 rats
128 creatures vanquished.

Notes
Turn   | Place    | Note
-------+----------+-------------------------------------------
     0 | D:1      | hikkokomori the Gargoyle Earth Elementalist began the quest
                  | for the Orb.
     0 | D:1      | Reached XP level 1. HP: 10/10 MP: 3/3
   244 | D:1      | Reached skill level 1 in Transmutations
   244 | D:1      | Reached XP level 2. HP: 15/15 MP: 3/5
   671 | D:1      | Reached XP level 3. HP: 18/20 MP: 2/6
   678 | D:1      | Reached skill level 1 in Fighting
   678 | D:1      | Reached skill level 4 in Earth Magic
  1352 | D:2      | Found an iron altar of Okawaru.
  1362 | D:2      | Became a worshipper of Warmaster Okawaru
  1858 | D:3      | Reached XP level 4. HP: 25/25 MP: 2/7
  2052 | D:3      | Noticed Sigmund
  2058 | D:3      | Gained mutation: Your body sometimes deteriorates upon
                  | taking damage. [potion of mutation]
  2058 | D:3      | Gained mutation: You have hidden genetic potential. [potion
                  | of mutation]
  2064 | D:3      | Killed Sigmund
  2064 | D:3      | Reached * piety under Okawaru
  2065 | D:3      | Reached XP level 5. HP: 31/31 MP: 2/9
  2065 | D:3      | Reached XP level 6. HP: 36/36 MP: 2/10
  2081 | D:3      | Gained mutation: A frigid envelope surrounds you and
                  | freezes all who hurt you. [hidden potential]
  2884 | D:4      | Reached skill level 5 in Earth Magic
  3087 | D:4      | Found a basalt altar of Yredelemnul.
  3429 | D:5      | Entered Level 5 of the Dungeon
  3434 | D:5      | Noticed Eustachio
  3529 | D:5      | Killed Eustachio
  3530 | D:5      | Reached XP level 7. HP: 41/41 MP: 8/12
  3533 | D:5      | Gained mutation: You have sharp fingernails. [hidden
                  | potential]
  3533 | D:5      | Lost mutation: You have hidden genetic potential. [hidden
                  | potential expressed]
  3568 | D:5      | Reached ** piety under Okawaru
  3826 | D:5      | Reached skill level 5 in Stealth
  3946 | D:5      | Reached skill level 6 in Earth Magic
  3946 | D:5      | Reached XP level 8. HP: 46/48 MP: 9/14
  4090 | D:5      | Learned a level 3 spell: Stone Arrow
  4093 | D:5      | Learned a level 2 spell: Passwall
  4098 | D:5      | Learned a level 4 spell: Brom's Barrelling Boulder
  4746 | D:6      | Reached skill level 1 in Conjurations
  4944 | D:6      | Reached *** piety under Okawaru
  5003 | D:6      | Noticed a yak
  5004 | D:6      | Noticed a yak
  5004 | D:6      | Noticed a yak
  5004 | D:6      | Noticed a yak
  5098 | D:5      | Killed a yak
  5200 | D:5      | Killed a yak
  5201 | D:5      | Reached skill level 5 in Fighting
  5365 | D:6      | Found a staircase to the Ecumenical Temple.
  5516 | D:7      | Found a flagged portal.
  5525 | Bailey   | Entered a bailey
  5565 | Bailey   | Reached skill level 7 in Earth Magic
  5568 | Bailey   | Reached skill level 5 in Spellcasting
  5568 | Bailey   | Reached XP level 9. HP: 45/54 MP: 13/16
  5627 | Bailey   | Found a large runed translucent door.
  5627 | Bailey   | Found a large runed translucent door.
  5631 | Bailey   | Noticed a deep elf pyromancer
  5656 | Bailey   | Noticed an orc knight
  5773 | Bailey   | Mangled by an orc warrior

Illustrated notes

Levels and vault maps discovered:
D:1:      dpeg_arrival_rooms_b, layout_basic, serial_forest,
          infiniplex_forest_end_3, infiniplex_forest_clump_long,
          infiniplex_forest_straight_3, infiniplex_forest_split,
          infiniplex_forest_lined_corner, infiniplex_forest_clump_cross,
          infiniplex_forest_lined_3, infiniplex_forest_straight_4,
          infiniplex_forest_clump_diagonal
D:2:      layout_rooms, basic_altar
D:3:      minmay_chambers_of_twos, layout_basic, uniq_sigmund
D:4:      layout_loops_ring, yredelemnul_altar_generic, minmay_between
D:5:      layout_basic, kennysheep_another_room, serial_bayou_ford_a,
          uniq_eustachio
D:6:      layout_gridville, nicolae_overflow_hidden_temple,
          minmay_temple_entry_antechambers
D:7:      layout_loops_corners, enter_bailey_8
Bailey:   bailey_polearm_elven_captive_hellmonk, bailey

Skill      XL: |  1  2  3  4  5  6  7  8 |
---------------+-------------------------+-----
Transmutations | 1 |  1.0
Fighting       | 1 2 3 4 5 |  5.6
Earth Magic    | 4 5 6 7 |  7.4
Stealth        | 3 4 5 6 |  6.2
Spellcasting   | 3 4 5 |  5.2
Invocations    | 2 3 |  3.9
Conjurations   | 3 |  3.5
Axes           | |  0.3
Dodging        | |  1.7

Action                     |  1- 3 |  4- 6 |  7- 9 || total
---------------------------+-------+-------+-------++-------
  Melee: Unarmed           |    33 |    12 |       ||    45
         Hand axe          |       |       |    18 ||    18
   Cast: Sandblast         |    53 |    64 |    68 ||   185
         Stone Arrow       |       |       |    12 ||    12
         Passwall          |       |       |     1 ||     1
 Invoke: Heroism           |       |       |     4 ||     4
    Use: Potion            |       |     2 |     4 ||     6
         Scroll            |       |       |     9 ||     9
 Armour: Robe              |    33 |    28 |    53 ||   114
  Dodge: Dodged            |    33 |    32 |    45 ||   110

Table legend: (Time is in decaauts)
 A = Elapsed time spent in this place.
 B = Non-inter-level travel time spent in this place.
 C = Inter-level travel time spent in this place.
 D = Time resting spent in this place.
 E = Time spent auto-exploring this place.
 F = Levels seen in this place.
 G = Mean time per level.
                   A        B        C        D        E       F      G
               +--------+--------+--------+--------+--------+-----+--------+
         Total |   5868 |   5573 |    295 |    290 |   4173 |   8 |  733.5 |
       Dungeon |   5637 |   5342 |    295 |    215 |   4173 |   7 |  805.3 |
        Bailey |    231 |    231 |      0 |     75 |      0 |   1 |  231.0 |
               +--------+--------+--------+--------+--------+-----+--------+

Top non-repeatable levels by time:
     D:5: 1643 daAuts
     D:1: 1370 daAuts
     D:3: 908 daAuts
     D:4: 786 daAuts
     D:2: 467 daAuts
     D:6: 421 daAuts
  Bailey: 231 daAuts
     D:7: 39 daAuts
